 Dungeon Crawl Stone Soup version 0.28.0 (console) character file.

Game seed: 12338671897824581214

67 ryathie the Skirmisher (level 4, -5/29 HPs)
             Began as a Gargoyle Fighter on Feb 19, 2022.
             Slain by Crazy Yiuf (8 damage)
             ... on level 3 of the Dungeon.
             The game lasted 00:02:52 (666 turns).

ryathie the Skirmisher (Gargoyle Fighter)            Turns: 666, Time: 00:02:53

Health: -5/29      AC: 10    Str: 19    XL:     4   Next: 18%
Magic:  4/4        EV:  9    Int:  9    God:
Gold:   130        SH:  4    Dex: 11    Spells: 3/3 levels left

rFire   . . .      SeeInvis .   a - +0 war axe
rCold   . . .      Faith    .   c - +0 buckler
rNeg    + . .      Spirit   .   b - +0 scale mail
rPois   ∞          Reflect  .   (no helmet)
rElec   +          Harm     .   (no cloak)
rCorr   .          Rampage  .   (no gloves)
Will    .....                   (no boots)
Stlth   ..........              (no amulet)
HPRegen 0.09/turn               (no ring)
MPRegen 0.09/turn               (no ring)

@: mighty
A: sickness immunity, AC +3, negative energy resistance 1, electricity
resistance, torment resistance 1, petrification resistance
a: no special abilities


You were on level 3 of the Dungeon.
You visited 1 branch of the dungeon, and saw 3 of its levels.

You collected 130 gold pieces.

Inventory:

Hand Weapons
 a - a +0 war axe (weapon)
Missiles
 e - 5 poisoned darts (quivered)
Armour
 b - a +0 scale mail (worn)
 c - a +0 buckler (worn)
Scrolls
 g - a scroll of brand weapon {unknown}
 h - a scroll of amnesia {unknown}
 i - 3 scrolls of magic mapping
Potions
 d - a potion of might
 f - a potion of heal wounds {unknown}
 j - a potion of curing
 k - a potion of flight


   Skills:
 + Level 4.1 Fighting
 + Level 2.7 Axes
 + Level 1.6 Throwing
 - Level 3.2 Armour
 - Level 3.2 Shields


You had 3 spell levels left.
You didn't know any spells.
Your spell library was empty.

Dungeon Overview and Level Annotations

Branches:
Dungeon (3/15)

Altars:

Annotations:
D:2 Sigmund
D:3 Crazy Yiuf


Innate Abilities, Weirdness & Mutations

You are immune to sickness and miasma.
Your stone body is resilient. (AC +3)
You are immune to poison.
You resist negative energy. (rN+)
You are resistant to electric shocks. (rElec)
You are resistant to unholy torment.
You are immune to petrification.


Message History

The dart slug bites you but does no damage.
You barely miss the dart slug.
The dart slug is severely wounded.
The dart slug launches a dart at you. The slug dart misses you.
You slash the dart slug!
You kill the dart slug!
You completely miss the goblin. You block the goblin's attack.
The goblin hits you but does no damage.
You hit the goblin.
The goblin is heavily wounded.
The goblin hits you with a +0 club.
You hit the goblin.
You kill the goblin!
No target in view!
No target in view!
You see here a dart slug corpse.
You open the door.
A rat comes into view.
There is an open door here.
The rat barely misses you.
You slash the rat!
You kill the rat!
No target in view!
There is an open door here.
Found a mace.
Found a runed translucent door.
Crazy Yiuf shouts!
Crazy Yiuf cries, "You leg down broken song, no?"
As you open the door, it creaks loudly!
Crazy Yiuf hits you with a +3 quarterstaff of chaos!
You feel very mighty all of a sudden.
You closely miss Crazy Yiuf.
Crazy Yiuf hits you with a +3 quarterstaff of chaos!
* * * LOW HITPOINT WARNING * * *
Crazy Yiuf burns you.
* * * LOW HITPOINT WARNING * * *
You slice Crazy Yiuf!!
Crazy Yiuf is almost dead.
Crazy Yiuf hits you with a +3 quarterstaff of chaos!
You die...

### ..# ..# ########
..######....#.### ###
.............#..##...#
..####......####@g...#
..# ##....## ###..)#
..# ###### ### ..# ..#
###


You could see Crazy Yiuf.

Vanquished Creatures
  Natasha (D:1)
  An adder (D:2)
  2 dart slugs
  3 ball pythons (D:1)
  A bat (D:1)
  8 endoplasms
  A giant cockroach (D:1)
  3 goblins
  A hobgoblin (D:1)
  A kobold (D:1)
  A quokka (D:1)
  2 frilled lizards (D:1)
  3 rats
28 creatures vanquished.

Notes
Turn   | Place    | Note
-------+----------+-------------------------------------------
     0 | D:1      | ryathie the Gargoyle Fighter began the quest for the Orb.
     0 | D:1      | Reached XP level 1. HP: 14/14 MP: 1/1
   122 | D:1      | Reached XP level 2. HP: 9/19 MP: 2/2
   286 | D:1      | Reached skill level 1 in Throwing
   404 | D:2      | Reached XP level 3. HP: 20/24 MP: 3/3
   435 | D:2      | Noticed Natasha
   435 | D:2      | Noticed Sigmund
   454 | D:1      | Killed Natasha
   455 | D:1      | Reached skill level 4 in Fighting
   455 | D:1      | Reached XP level 4. HP: 29/29 MP: 4/4
   660 | D:3      | Found a runed translucent door.
   661 | D:3      | Noticed Crazy Yiuf
   666 | D:3      | Slain by Crazy Yiuf

Illustrated notes

Levels and vault maps discovered:
D:1:      heliophobic_arrival_dark_side_of_the_moon, layout_basic
D:2:      layout_rooms, st_stairs_6, uniq_natasha, uniq_sigmund, uniq_terence
D:3:      layout_basic, nicolae_overflow_crystal_walls,
          nicolae_ecumenical_lake_church, uniq_crazy_yiuf_cottage

Skill      XL: |  1  2  3 |
---------------+----------+-----
Axes           | 2 |  2.7
Throwing       | 1 |  1.6
Fighting       | 4 |  4.1
Armour         | |  3.2
Shields        | |  3.2

Action                   |  1- 3 |  4- 6 || total
-------------------------+-------+-------++-------
Melee: War axe           |    46 |    19 ||    65
  Use: Scroll            |     3 |       ||     3
Armor: Scale mail        |    19 |     5 ||    24
Dodge: Dodged            |    32 |     5 ||    37
Block: Buckler           |     8 |     2 ||    10
